TOP OF THE 1ST |
Batavia Muckdogs batting - Pitching for West Virginia Black Bears : LHP Ben Buerck
|
Pitching: LHP Ben Buerck
|
|
Batting: LHB Orlando Rivera
|
0-0: Called Strike 0-1: Ball 1-1: Swinging Strike 1-2: Strikes out looking
|
Batting: RHB Orlando Landa
|
0-0: Called Strike 0-1: Ball 1-1: Ball 2-1: Ball 3-1: Base on Balls
|
Batting: RHB Manuel Taveras
|
0-0: Ball Orlando Landa steals 2nd base 1-0: Ground out 3-1 (Groundball, 34, EV 105.6 MPH) Orlando Landa to third
|
Batting: SHB Matt Moore
|
0-0: Foul Ball, location: 2F 0-1: Foul Ball, location: 2F 0-2: Strikes out swinging
|
Top of the 1st over - 0 runs, 0 hits, 0 errors, 1 left on base; Batavia 0 - West Virginia 0 |
BOTTOM OF THE 1ST |
West Virginia Black Bears batting - Pitching for Batavia Muckdogs : RHP Adam Brown
|
Pitching: RHP Adam Brown
|
|
Batting: RHB Terrence Wilson
|
0-0: Ball 1-0: Ball 2-0: Ball 3-0: Base on Balls
|
Batting: LHB Ruben Garza
|
0-0: Ball 1-0: Ball 2-0: Ball 3-0: Called Strike 3-1: Fielders Choice at 2nd, 4-6 (Groundball, 4S, EV 90.6 MPH)
|
Batting: RHB Etsuro Hosokawa
|
0-0: Foul Ball, location: 2F 0-1: Swinging Strike 0-2: Ball 1-2: Strikes out swinging
|
Batting: LHB Gregg Kellerman
|
0-0: Ball 1-0: DOUBLE (Line Drive, 8LXD, EV 105.0 MPH) Ruben Garza to third Runner from 3rd tries for Home, SAFE, no throw by CF
|
Batting: RHB Dave Fredericks
|
0-0: Ball 1-0: DOUBLE (Line Drive, 78M, EV 109.4 MPH) Gregg Kellerman scores
|
Batting: RHB Rick Pittman
|
0-0: Called Strike 0-1: Ball 1-1: Ground out 5-3 (Groundball, 56S, EV 87.5 MPH)
|
Bottom of the 1st over - 2 runs, 2 hits, 0 errors, 1 left on base; Batavia 0 - West Virginia 2 |
TOP OF THE 2ND |
Batavia Muckdogs batting - Pitching for West Virginia Black Bears : LHP Ben Buerck
|
Batting: RHB Nate Crofts
|
0-0: Ball 1-0: Called Strike 1-1: Ground out 4-3 (Groundball, 4, EV 85.6 MPH)
|
Batting: LHB Matt McKeon
|
0-0: Foul Ball, location: 2F 0-1: Called Strike 0-2: Strikes out swinging
|
Batting: RHB Chris Alft
|
0-0: Called Strike 0-1: Ball 1-1: SINGLE (Flyball, 8RS, EV 83.1 MPH)
|
Batting: SHB Justin Corbett
|
0-0: Ball 1-0: Fly out, F7 (Flyball, 7, EV 85.0 MPH)
|
Top of the 2nd over - 0 runs, 1 hit, 0 errors, 1 left on base; Batavia 0 - West Virginia 2 |
BOTTOM OF THE 2ND |
West Virginia Black Bears batting - Pitching for Batavia Muckdogs : RHP Adam Brown
|
Batting: RHB Ken Manser
|
0-0: Called Strike 0-1: Foul Ball, location: 2F 0-2: Fly out, F8 (Flyball, 8LM, EV 79.4 MPH)
|
Batting: RHB Alex Arzate
|
0-0: Swinging Strike 0-1: Ball 1-1: Swinging Strike 1-2: Fly out, F8 (Flyball, 8RD, EV 91.2 MPH)
|
Batting: RHB Chris Arroyo
|
0-0: Foul Ball, location: 2F 0-1: Fly out, F8 (Flyball, 8RM, EV 90.6 MPH)
|
Bottom of the 2nd over - 0 runs, 0 hits, 0 errors, 0 left on base; Batavia 0 - West Virginia 2 |
TOP OF THE 3RD |
Batavia Muckdogs batting - Pitching for West Virginia Black Bears : LHP Ben Buerck
|
Batting: RHB Axel Moltke
|
0-0: Ball 1-0: Ground out 4-3 (Groundball, 4, EV 103.8 MPH)
|
Batting: LHB Orlando Rivera
|
0-0: Ball 1-0: Foul Ball, location: 2F 1-1: SINGLE (Line Drive, 7S, EV 109.4 MPH)
|
Batting: RHB Orlando Landa
|
0-0: Fielders Choice at 2nd, 1-4 (Groundball, 25, EV 72.5 MPH)
|
Batting: RHB Manuel Taveras
|
0-0: Called Strike 0-1: Called Strike Orlando Landa steals 2nd base 0-2: Ground out 6-3 (Groundball, 6, EV 88.1 MPH)
|
Top of the 3rd over - 0 runs, 1 hit, 0 errors, 1 left on base; Batavia 0 - West Virginia 2 |
BOTTOM OF THE 3RD |
West Virginia Black Bears batting - Pitching for Batavia Muckdogs : RHP Adam Brown
|
Batting: RHB Terrence Wilson
|
0-0: Ball 1-0: Ball 2-0: Ball 3-0: Fly out, F4 (Popup, 4S, EV 83.8 MPH)
|
Batting: LHB Ruben Garza
|
0-0: Called Strike 0-1: Ball 1-1: Foul Ball, location: 2F 1-2: Ball 2-2: Ground out 1-3 (Groundball, 13S, EV 71.9 MPH)
|
Batting: RHB Etsuro Hosokawa
|
0-0: Ground out 6-3 (Groundball, 6M, EV 78.1 MPH)
|
Bottom of the 3rd over - 0 runs, 0 hits, 0 errors, 0 left on base; Batavia 0 - West Virginia 2 |
TOP OF THE 4TH |
Batavia Muckdogs batting - Pitching for West Virginia Black Bears : LHP Ben Buerck
|
Batting: SHB Matt Moore
|
0-0: Ball 1-0: Fly out, F9 (Flyball, 89M, EV 86.9 MPH)
|
Batting: RHB Nate Crofts
|
0-0: Foul Ball, location: 2F 0-1: Foul Ball, location: 2F 0-2: Ball 1-2: Foul Ball, location: 2F 1-2: DOUBLE (Groundball, 5L, EV 107.5 MPH)
|
Batting: LHB Matt McKeon
|
0-0: Ball 1-0: Foul Ball, location: 2F 1-1: Foul Ball, location: 2F 1-2: Strikes out swinging
|
Batting: RHB Chris Alft
|
0-0: Ball 1-0: Ball 2-0: SINGLE (Groundball, 56D, EV 103.8 MPH) Nate Crofts to third Runner from 3rd tries for Home, SAFE, throw by LF to home Chris Alft to second
|
Batting: SHB Justin Corbett
|
0-0: Ball 1-0: SINGLE (Groundball, 6D, EV 96.9 MPH) Chris Alft to third Runner from 3rd tries for Home, SAFE, throw by CF to home
|
Batting: RHB Axel Moltke
|
0-0: Called Strike 0-1: Foul Ball, location: 2F 0-2: Strikes out looking
|
Top of the 4th over - 2 runs, 3 hits, 0 errors, 1 left on base; Batavia 2 - West Virginia 2 |
BOTTOM OF THE 4TH |
West Virginia Black Bears batting - Pitching for Batavia Muckdogs : RHP Adam Brown
|
Batting: LHB Gregg Kellerman
|
0-0: Hit by Pitch
|
Batting: RHB Dave Fredericks
|
0-0: SINGLE (Groundball, 56D, EV 104.4 MPH) Gregg Kellerman to second
|
Batting: RHB Rick Pittman
|
0-0: Called Strike 0-1: Ball 1-1: Swinging Strike 1-2: Ball 2-2: Strikes out swinging
|
Batting: RHB Ken Manser
|
0-0: Foul Ball, location: 2F 0-1: Ball Wild Pitch! Gregg Kellerman to third Dave Fredericks to second 1-1: Foul Ball, location: 2F 1-2: Strikes out looking
|
Batting: RHB Alex Arzate
|
0-0: Called Strike 0-1: Called Strike 0-2: Strikes out swinging
|
Bottom of the 4th over - 0 runs, 1 hit, 0 errors, 2 left on base; Batavia 2 - West Virginia 2 |
TOP OF THE 5TH |
Batavia Muckdogs batting - Pitching for West Virginia Black Bears : LHP Ben Buerck
|
Batting: LHB Orlando Rivera
|
0-0: Called Strike 0-1: Swinging Strike 0-2: Foul Ball, location: 2F 0-2: Ball 1-2: Ground out 4-3 (Groundball, 4, EV 84.4 MPH)
|
Batting: RHB Orlando Landa
|
0-0: Called Strike 0-1: Ball 1-1: Ground out 4-3 (Groundball, 4S, EV 91.9 MPH)
|
Batting: RHB Manuel Taveras
|
0-0: Ball 1-0: Called Strike 1-1: Foul Ball, location: 2F 1-2: Ball 2-2: Foul Ball, location: 2F 2-2: Strikes out swinging
|
Top of the 5th over - 0 runs, 0 hits, 0 errors, 0 left on base; Batavia 2 - West Virginia 2 |
BOTTOM OF THE 5TH |
West Virginia Black Bears batting - Pitching for Batavia Muckdogs : RHP Adam Brown
|
Batting: RHB Chris Arroyo
|
0-0: Ball 1-0: Ball 2-0: Ball 3-0: Base on Balls
|
Batting: RHB Terrence Wilson
|
0-0: Grounds into double play, 1-6-3 (Groundball, 23, EV 75.6 MPH)
|
Batting: LHB Ruben Garza
|
0-0: Foul Ball, location: 2F 0-1: Called Strike 0-2: Foul Ball, location: 2F 0-2: Foul Ball, location: 2F 0-2: Hit by Pitch
|
Batting: RHB Etsuro Hosokawa
|
0-0: Ball 1-0: Swinging Strike 1-1: Ball 2-1: Ball 3-1: SINGLE (Flyball, 9LS, EV 91.9 MPH) Ruben Garza to second Runner from 2nd tries for 3rd, SAFE, throw by RF made to third
|
Batting: LHB Gregg Kellerman
|
0-0: Ball 1-0: Ball 2-0: Reached on error, E4 (Groundball, 34, EV 108.1 MPH) Ruben Garza scores Etsuro Hosokawa to third
|
Batting: RHB Dave Fredericks
|
0-0: Called Strike 0-1: Swinging Strike 0-2: Ball 1-2: Foul Ball, location: 2F 1-2: Fly out, F8 (Flyball, 8RD, EV 103.8 MPH)
|
Bottom of the 5th over - 1 run, 1 hit, 1 error, 2 left on base; Batavia 2 - West Virginia 3 |
TOP OF THE 6TH |
Batavia Muckdogs batting - Pitching for West Virginia Black Bears : LHP Ben Buerck
|
Batting: SHB Matt Moore
|
0-0: Ball 1-0: Called Strike 1-1: Ball 2-1: DOUBLE (Line Drive, 7LM, EV 109.4 MPH)
|
Batting: RHB Nate Crofts
|
0-0: SINGLE (Line Drive, 56D, EV 108.8 MPH) Matt Moore to third
|
Batting: LHB Matt McKeon
|
0-0: Ball 1-0: Called Strike 1-1: Ball 2-1: Swinging Strike 2-2: Ground out 4-3 (Groundball, 4D, EV 102.5 MPH) Matt Moore scores Nate Crofts to second
|
Batting: RHB Chris Alft
|
0-0: Called Strike 0-1: Ball 1-1: Fly out, F7 (Flyball, 78S, EV 80.0 MPH)
|
Batting: SHB Justin Corbett
|
0-0: Ball 1-0: Fly out, F7 (Line Drive, 7LM, EV 103.1 MPH)
|
Top of the 6th over - 1 run, 2 hits, 0 errors, 1 left on base; Batavia 3 - West Virginia 3 |
BOTTOM OF THE 6TH |
West Virginia Black Bears batting - Pitching for Batavia Muckdogs : RHP Adam Brown
|
Batting: RHB Rick Pittman
|
0-0: Ball 1-0: Called Strike 1-1: Ground out 6-3 (Groundball, 56, EV 82.5 MPH)
|
Batting: RHB Ken Manser
|
0-0: Called Strike 0-1: Called Strike 0-2: Ball 1-2: Strikes out looking
|
Batting: RHB Alex Arzate
|
0-0: Ball 1-0: Ball 2-0: Foul Ball, location: 2F 2-1: Fly out, F8 (Flyball, 8RD, EV 96.9 MPH)
|
Bottom of the 6th over - 0 runs, 0 hits, 0 errors, 0 left on base; Batavia 3 - West Virginia 3 |
TOP OF THE 7TH |
Batavia Muckdogs batting - Pitching for West Virginia Black Bears : LHP Ben Buerck
|
Batting: RHB Axel Moltke
|
0-0: Foul Ball, location: 2F 0-1: Ball 1-1: Foul Ball, location: 2F 1-2: Foul Ball, location: 2F 1-2: TRIPLE (Flyball, 78XD, EV 103.8 MPH)
|
Pitching: RHP Nick Lockwood
|
|
Batting: LHB Orlando Rivera
|
0-0: Swinging Strike 0-1: Ball 1-1: Called Strike 1-2: Strikes out swinging
|
Batting: RHB Orlando Landa
|
0-0: Called Strike 0-1: Ball 1-1: Called Strike 1-2: Foul Ball, location: 2F 1-2: Foul Ball, location: 2F 1-2: Strikes out swinging
|
Batting: RHB Manuel Taveras
|
0-0: Ball 1-0: Ball 2-0: Called Strike 2-1: Foul Ball, location: 2F 2-2: Ball 3-2: Strikes out swinging
|
Top of the 7th over - 0 runs, 1 hit, 0 errors, 1 left on base; Batavia 3 - West Virginia 3 |
BOTTOM OF THE 7TH |
West Virginia Black Bears batting - Pitching for Batavia Muckdogs : RHP Adam Brown
|
Pitching: RHP Marco Quezada
|
|
Pinch Hitting: LHB Josh Aerni
|
0-0: Called Strike 0-1: Swinging Strike 0-2: Hit by Pitch
|
Pinch Hitting: LHB Carlos Vega
|
0-0: Ball Wild Pitch! Josh Aerni to second 1-0: Ball 2-0: Ball 3-0: Base on Balls
|
Batting: LHB Ruben Garza
|
0-0: Ball 1-0: Called Strike 1-1: Ball 2-1: Swinging Strike 2-2: Foul Ball, location: 2F 2-2: Ball 3-2: Hit by Pitch Josh Aerni to third Carlos Vega to second
|
Batting: RHB Etsuro Hosokawa
|
0-0: Called Strike 0-1: Ball 1-1: Foul Ball, location: 2F 1-2: Grounds into fielders choice 5-2 (Groundball, 56S, EV 68.1 MPH) Carlos Vega to third Ruben Garza to second
|
Batting: LHB Gregg Kellerman
|
0-0: Ball 1-0: Called Strike 1-1: Ball 2-1: Grounds into double play, 4-2-3 (Groundball, 4, EV 93.1 MPH)
|
Bottom of the 7th over - 0 runs, 0 hits, 0 errors, 2 left on base; Batavia 3 - West Virginia 3 |
TOP OF THE 8TH |
Batavia Muckdogs batting - Pitching for West Virginia Black Bears : RHP Nick Lockwood
|
Now at 3B: Tim Moore
|
|
Now in CF: Melvin Durland
|
|
Batting: SHB Matt Moore
|
0-0: Called Strike 0-1: Called Strike 0-2: Strikes out swinging, 2-3 out at first.
|
Batting: RHB Nate Crofts
|
0-0: Swinging Strike 0-1: Ball 1-1: Ball 2-1: Swinging Strike 2-2: Strikes out swinging
|
Batting: LHB Matt McKeon
|
0-0: Called Strike 0-1: Ball 1-1: Swinging Strike 1-2: Ball 2-2: Ground out 1-3 (Groundball, 34S, EV 73.1 MPH)
|
Top of the 8th over - 0 runs, 0 hits, 0 errors, 0 left on base; Batavia 3 - West Virginia 3 |
BOTTOM OF THE 8TH |
West Virginia Black Bears batting - Pitching for Batavia Muckdogs : RHP Marco Quezada
|
Batting: RHB Dave Fredericks
|
0-0: Foul Ball, location: 2F 0-1: Foul Ball, location: 2F 0-2: Ball 1-2: Ball 2-2: Ball 3-2: Strikes out swinging
|
Batting: RHB Rick Pittman
|
0-0: Ball 1-0: Ball 2-0: Ground out 6-3 (Groundball, 56, EV 79.4 MPH)
|
Pinch Hitting: LHB Tomohiro Yokoyama
|
0-0: Called Strike 0-1: Ball 1-1: Swinging Strike 1-2: Ball 2-2: Foul Ball, location: 2F 2-2: Ball 3-2: Strikes out swinging
|
Bottom of the 8th over - 0 runs, 0 hits, 0 errors, 0 left on base; Batavia 3 - West Virginia 3 |
TOP OF THE 9TH |
Batavia Muckdogs batting - Pitching for West Virginia Black Bears : RHP Nick Lockwood
|
Now at 2B: Brandon White
|
|
Batting: RHB Chris Alft
|
0-0: Ball 1-0: Swinging Strike 1-1: Ball 2-1: Foul Ball, location: 2F 2-2: Strikes out swinging
|
Batting: SHB Justin Corbett
|
0-0: Ball 1-0: Ground out 4-3 (Groundball, 13, EV 83.1 MPH)
|
Pitching: RHP Joe Simanton
|
|
Batting: RHB Axel Moltke
|
0-0: Ball 1-0: Swinging Strike 1-1: Foul Ball, location: 2F 1-2: Ball 2-2: Strikes out swinging
|
Top of the 9th over - 0 runs, 0 hits, 0 errors, 0 left on base; Batavia 3 - West Virginia 3 |
BOTTOM OF THE 9TH |
West Virginia Black Bears batting - Pitching for Batavia Muckdogs : RHP Marco Quezada
|
Batting: RHB Alex Arzate
|
0-0: Ball 1-0: Ball 2-0: Ball 3-0: Called Strike 3-1: Base on Balls
|
Batting: RHB Tim Moore
|
0-0: Ball 1-0: Ball Alex Arzate steals 2nd, throwing error, E2 Alex Arzate to third 2-0: Called Strike 2-1: Fly out, F9 (Flyball, 9, EV 90.6 MPH)
|
Pinch Hitting: LHB Dustin Herman
|
0-0: Ball 1-0: Ball 2-0: Ball 3-0: Base on Balls
|
Batting: LHB Ruben Garza
|
0-0: Ball 1-0: Ball 2-0: Ball Dustin Herman steals 2nd base (no throw) 3-0: Base on Balls
|
Batting: RHB Etsuro Hosokawa
|
0-0: Called Strike 0-1: SINGLE (Line Drive, 89M, EV 91.2 MPH) Alex Arzate scores
|
Bottom of the 9th over - 1 run, 1 hit, 1 error, 2 left on base; Batavia 3 - West Virginia 4 |
|